 Dungeon Crawl Stone Soup version 0.24.0-37-gcf1ca852f1 (webtiles) character file.

Game seed: 6330627260226056684, levelgen mode: deterministic

774 FessEmpty the Sneak (level 7, -3/31 (32) HPs)
             Began as a Spriggan Enchanter on Nov 22, 2019.
             Was a Believer of Ashenzari.
             Killed by divine providence
             ... invoked by an orc priest
              (15 damage)
             ... on level 5 of the Dungeon.
             The game lasted 00:15:54 (4942 turns).

FessEmpty the Sneak (Spriggan Enchanter)            Turns: 4942, Time: 00:15:54

HP:   -3/31 (32)    AC:  2    Str:  4    XL:     7   Next: 53%
MP:   7/16          EV: 23    Int: 19    God:    Ashenzari [**....]
Gold: 249           SH:  0    Dex: 16    Spells: 8/17 levels left

rFire    . . .     SeeInvis +   o - +1 dagger (venom) (curse)
rCold    . . .     Gourm    .   (shield restricted)
rNeg     . . .     Faith    .   b - +0 robe
rPois    .         Spirit   .   (helmet restricted)
rElec    .         Reflect  .   (no cloak)
rCorr    .         Harm     .   (gloves unavailable)
MR       +....                  (boots unavailable)
Stlth    +++++.....             (no amulet)
HPRegen  0.10/turn              c - ring of stealth
MPRegen  0.15/turn              a - +5 ring of evasion (curse)

@: very quick
A: very small, unfitting armour, see invisible, herbivore, speed 3, slow
metabolism 2
a: Curse Item, Scrying, Renounce Religion


You were on level 5 of the Dungeon.
You worshipped Ashenzari.
Ashenzari was pleased with you.
You were not hungry.

You visited 1 branch of the dungeon, and saw 5 of its levels.

You collected 249 gold pieces.

Inventory:

Hand Weapons
 o - a cursed +1 dagger of venom (weapon)
 v - a +2 dagger of speed
Missiles
 r - 22 poisoned darts (quivered)
Armour
 b - a +0 robe (worn)
Jewellery
 a - a cursed +5 ring of evasion (right hand)
 c - a ring of stealth (left hand)
 u - an uncursed ring of protection from magic
Scrolls
 f - a scroll of blinking
 h - 5 scrolls of enchant weapon
 i - a scroll of teleportation {unknown}
 m - 4 scrolls of identify
 n - a scroll of fear {unknown}
 p - 3 scrolls of enchant armour {unknown}
 q - a scroll of noise {unknown}
 s - a scroll of random uselessness {unknown}
 t - a scroll of immolation {unknown}
 w - a scroll of amnesia {unknown}
 x - 3 scrolls of remove curse
Potions
 e - a potion of might {unknown}
 g - a potion of invisibility {unknown}
 j - 2 potions of brilliance {unknown}
 k - 4 potions of curing
 l - a potion of lignification {unknown}
 z - a potion of cancellation {unknown}
 A - 2 potions of mutation {unknown}
Comestibles
 d - 4 rations


   Skills:
 + Level 0.9 Fighting
 + Level 3.4(5.4) Short Blades
 - Level 3.0 Dodging
 + Level 7.9 Stealth
 + Level 5.6 Spellcasting
 - Level 6.0 Hexes
 - Level 2.0 Ice Magic


You had 8 spell levels left.
You knew the following spells:

 Your Spells              Type           Power        Failure   Level  Hunger
a - Corona                Hex            ####...      1%          1    None
b - Ensorcelled Hibernat  Hex/Ice        ###...       3%          2    None
c - Tukima's Dance        Hex            ####....     3%          3    ##.....
d - Confuse               Hex            ####....     3%          3    ##.....

Your spell library contained the following spells:

 Spells                   Type           Power        Failure   Level  Hunger
 Dazzling Spray           Conj/Hex       ###...       10%         3    ##.....


Dungeon Overview and Level Annotations

Branches:
Dungeon (5/15)             Temple (0/1) D:4

Altars:
Ashenzari
Cheibriados
Vehumet
Wu Jian
Xom


Innate Abilities, Weirdness & Mutations

You are very small and have problems with some larger weapons.
You are too small for most types of armour.
You have supernaturally acute eyesight. (SInv)
You are a herbivore.
You cover ground extremely quickly.
You need to consume almost no food.


Message History

The necrophage resists with some effort.
The necrophage misses you.
Casting: Confuse (safe; 3% risk of failure)
Confirm with . or Enter, or press ? or * to list all spells.
Aiming: Confuse (safe; 3% risk of failure)
Press: ? - help, Shift-Dir - straight line, f/p - necrophage
Aim: a necrophage (chance to defeat MR: 38%)
The necrophage resists with some effort.
You are near starving!
The necrophage barely misses you.
Casting: Confuse (safe; 3% risk of failure)
Confirm with . or Enter, or press ? or * to list all spells.
Aiming: Confuse (safe; 3% risk of failure)
Press: ? - help, Shift-Dir - straight line, f/p - necrophage
Aim: a necrophage (chance to defeat MR: 38%)
The necrophage appears confused.
The crimson imp completely misses you. The crimson imp misses you.
The orc priest shouts!
You hit the necrophage but do no damage.
The necrophage hits you.
You feel your flesh rotting away!
The orc wizard shouts!
You hit the necrophage but do no damage.
The crimson imp blinks!
The orc wizard gestures wildly while chanting.
The orc wizard seems to speed up.
You hear a shout!
You hit the necrophage but do no damage.
The crimson imp disappears for a moment.
The orc priest invokes the aid of Beogh against you.
Beogh smites you!
The orc wizard looks braver for a moment.
The crimson imp blinks!
There is a stone staircase leading up here.
You climb upwards.
There is a stone staircase leading down here.
You start resting.
Magic restored.
You start resting.
HP restored.
You see here 32 bolts.
You see here an uncursed staff of fire.
There is a stone staircase leading down here.
You eat one of the 5 rations.
That ration really hit the spot!
You climb downwards.
There is a stone staircase leading up here.
The necrophage is too close now for your liking.
Casting: Confuse (safe; 3% risk of failure)
Confirm with . or Enter, or press ? or * to list all spells.
Aiming: Confuse (safe; 3% risk of failure)
Press: ? - help, Shift-Dir - straight line, f - necrophage
Aim: a necrophage (chance to defeat MR: 38%)
The necrophage resists with some effort.
Casting: Confuse (safe; 3% risk of failure)
Confirm with . or Enter, or press ? or * to list all spells.
Aiming: Confuse (safe; 3% risk of failure)
Press: ? - help, Shift-Dir - straight line, f/p - necrophage
Aim: a necrophage (chance to defeat MR: 38%)
The necrophage resists with some effort.
The necrophage misses you.
Casting: Confuse (safe; 3% risk of failure)
Confirm with . or Enter, or press ? or * to list all spells.
Aiming: Confuse (safe; 3% risk of failure)
Press: ? - help, Shift-Dir - straight line, f/p - necrophage
Aim: a necrophage (chance to defeat MR: 38%)
The necrophage resists with some effort.
The necrophage hits you.
Casting: Confuse (safe; 3% risk of failure)
Confirm with . or Enter, or press ? or * to list all spells.
Aiming: Confuse (safe; 3% risk of failure)
Press: ? - help, Shift-Dir - straight line, f/p - necrophage
Aim: a necrophage (chance to defeat MR: 38%)
The necrophage resists with some effort.
The necrophage completely misses you.
Casting: Confuse (safe; 3% risk of failure)
Confirm with . or Enter, or press ? or * to list all spells.
Aiming: Confuse (safe; 3% risk of failure)
Press: ? - help, Shift-Dir - straight line, f/p - necrophage
Aim: a necrophage (chance to defeat MR: 38%)
The necrophage appears confused.
The necrophage barely misses you.
You hit the necrophage but do no damage.
You hit the necrophage but do no damage.
You barely miss the necrophage.
You hit the necrophage but do no damage.
The necrophage closely misses you.
You catch the helpless necrophage completely off-guard!
You impale the necrophage!!
The necrophage is severely damaged.
You hit the necrophage but do no damage.
The necrophage is severely damaged.
The necrophage closely misses you.
You strike the helpless necrophage from behind!
You impale the necrophage!!
You destroy the necrophage!
The orc is too close now for your liking.
You closely miss the orc. The orc completely misses you.
You hit the orc.
The orc is poisoned.
The orc is moderately wounded.
You barely miss the orc.
The orc is moderately wounded.
The orc completely misses you.
You hit the orc but do no damage.
The orc looks as sick as possible!
The orc is moderately wounded.
You closely miss the orc wizard.
You hit the orc wizard but do no damage.
The orc wizard is poisoned.
The orc completely misses you.
You hit the orc wizard but do no damage.
The orc wizard looks even sicker.
The orc wizard is moderately wounded.
The orc wizard barely misses you.
You closely miss the orc wizard.
The orc wizard is heavily wounded.
The orc closely misses you. The orc wizard misses you.
You closely miss the orc wizard.
The orc wizard is heavily wounded.
The orc completely misses you.
You closely miss the orc wizard.
The orc wizard is severely wounded.
You kill the orc!
The orc wizard hits you but does no damage.
You hit the orc wizard.
The orc wizard is almost dead.
The orc wizard hits you with a +0 dagger.
You barely miss the orc wizard.
The orc wizard is almost dead.
The orc wizard points at you and mumbles some strange words.
The magic dart hits you.
You hit the orc wizard.
The orc wizard looks as sick as possible!
The orc wizard is almost dead.
You kill the orc wizard!
Found an uncursed robe.
You start resting.
The orc priest is too close now for your liking.
Throwing (i - inventory)
r - 29 poisoned darts (quivered)
Press: ? - help, Shift-Dir - straight line, f - orc priest
Aim: an orc priest, wearing a +0 chain mail (hasn't noticed you)
You throw a poisoned dart. The poisoned dart hits the orc priest.
The orc priest is poisoned.
The orc priest shouts!
You hear a shout!
Throwing (i - inventory)
r - 28 poisoned darts (quivered)
Press: ? - help, Shift-Dir - straight line, f/p - orc priest
Aim: an orc priest, wearing a +0 chain mail (lightly wounded, poisoned)
You throw a poisoned dart.
The poisoned dart closely misses the orc priest.
Throwing (i - inventory)
r - 27 poisoned darts (quivered)
Press: ? - help, Shift-Dir - straight line, f/p - orc priest
Aim: an orc priest, wearing a +0 chain mail (lightly wounded, poisoned)
You throw a poisoned dart. The poisoned dart hits the orc priest.
The orc priest looks even sicker.
The orc priest is lightly wounded.
The orc wizard miscasts a cantrip.
Throwing (i - inventory)
r - 26 poisoned darts (quivered)
Press: ? - help, Shift-Dir - straight line, f/p - orc priest
Aim: an orc priest, wearing a +0 chain mail (lightly wounded, poisoned)
You throw a poisoned dart.
The poisoned dart completely misses the orc priest.
Throwing (i - inventory)
r - 25 poisoned darts (quivered)
Press: ? - help, Shift-Dir - straight line, f/p - orc priest
Aim: an orc priest, wearing a +0 chain mail (lightly wounded, poisoned)
You throw a poisoned dart. The poisoned dart hits the orc priest.
The orc priest is lightly wounded.
Throwing (i - inventory)
r - 24 poisoned darts (quivered)
Press: ? - help, Shift-Dir - straight line, f/p - orc priest
Aim: an orc priest, wearing a +0 chain mail (moderately wounded, poisoned)
You throw a poisoned dart. The poisoned dart hits the orc priest.
The orc priest is moderately wounded.
The orc priest mumbles some strange prayers to Beogh against you.
Pain shoots through your body!
Throwing (i - inventory)
r - 23 poisoned darts (quivered)
Press: ? - help, Shift-Dir - straight line, f/p - orc priest
Aim: an orc priest, wearing a +0 chain mail (moderately wounded, poisoned)
You throw a poisoned dart.
The poisoned dart barely misses the orc priest.
You closely miss the orc priest.
The orc priest is moderately wounded.
The orc priest closely misses you.
You hit the orc priest but do no damage.
The orc priest looks even sicker.
The orc priest is moderately wounded.
The orc wizard begins to cast a cantrip, but forgets the words!
You completely miss the orc priest.
The orc priest is moderately wounded.
The orc priest invokes the aid of Beogh against you.
Beogh smites you!
You hit the orc priest but do no damage.
The orc priest looks as sick as possible!
The orc priest is heavily wounded.
The orc priest casts a cantrip, but nothing happens.
You hit the orc priest but do no damage.
The orc priest looks as sick as possible!
The orc priest is heavily wounded.
You barely miss the orc priest.
The orc priest is almost dead.
The orc priest begins to cast a cantrip, but forgets the words!
You hit the orc priest but do no damage.
The orc priest looks as sick as possible!
The orc priest is almost dead.
The orc priest invokes the aid of Beogh against you.
Beogh smites you!
You die...

...##............................
...##..................(###......
...#....................## .....
#.....#..........).....(.# #.....
...).##..............(..o#####...
.....#.......#.....(.............
.....##.....###...(......o..#..#.
.....####...###.oo........###....
....## #...#...@###......(##.*#<
.....# #.......## #.......(..###
.<...# #........ #......o(o..#.
##..## ##....... .....#.....>...
#### #....... .....(.........
.........,oo.!#......... ...[...,
..o...........# ,.......
,,......!..# , .....##...


You could see an orc priest and an orc wizard.

Vanquished Creatures
  A necrophage (D:5)
  A phantom (D:4)
  An ogre (D:5)
  A centaur (D:5)
  A water moccasin skeleton (D:4)
  A crimson imp (D:4)
  A jelly (D:5)
  An orc priest (D:5)
  2 orc wizards
  Jessica (D:2)
  Terence (D:2)
  6 adders
  An ooze (D:4)
  7 worms
  A leopard gecko (D:2)
  9 orcs
  2 ball pythons (D:3)
  8 bats
  6 giant cockroaches
  14 goblins
  6 hobgoblins
  10 jackals
  3 quokkas
  2 ball python skeletons (D:4)
  7 frilled lizards
  10 kobolds
  A leopard gecko zombie (D:5)
  13 rats
  A butterfly (D:4)
119 creatures vanquished.

Notes
Turn   | Place    | Note
-------+----------+-------------------------------------------
     0 | D:1      | FessEmpty the Spriggan Enchanter began the quest for the
                  | Orb.
     0 | D:1      | Reached XP level 1. HP: 9/9 MP: 5/5
   434 | D:1      | Reached XP level 2. HP: 8/13 MP: 5/7
   438 | D:1      | Learned a level 2 spell: Ensorcelled Hibernation
  1189 | D:1      | Reached skill level 5 in Stealth
  1463 | D:2      | Reached XP level 3. HP: 14/16 MP: 3/8
  1573 | D:2      | Noticed Jessica
  1591 | D:2      | Killed Jessica
  1591 | D:2      | Reached skill level 1 in Ice Magic
  1591 | D:2      | Reached XP level 4. HP: 21/21 MP: 6/10
  1837 | D:2      | Found a shattered altar of Ashenzari.
  1920 | D:2      | Became a worshipper of Ashenzari the Shackled
  1961 | D:2      | Found a shimmering altar of Xom.
  2023 | D:2      | Noticed Terence
  2071 | D:2      | Killed Terence
  2223 | D:3      | Learned a level 3 spell: Tukima's Dance
  2227 | D:3      | Learned a level 3 spell: Confuse
  2274 | D:3      | Reached XP level 5. HP: 24/24 MP: 1/12
  2484 | D:3      | Reached skill level 6 in Stealth
  2979 | D:3      | Reached * piety under Ashenzari
  3084 | D:4      | Found a staircase to the Ecumenical Temple.
  3479 | D:4      | Reached skill level 5 in Hexes
  3576 | D:4      | Reached XP level 6. HP: 28/28 MP: 13/13
  3827 | D:4      | Found an ornate altar of the Wu Jian Council.
  3837 | D:4      | Found a snail-covered altar of Cheibriados.
  4102 | D:5      | Entered Level 5 of the Dungeon
  4134 | D:5      | Reached skill level 7 in Stealth
  4179 | D:5      | Reached skill level 5 in Spellcasting
  4185 | D:5      | Reached XP level 7. HP: 32/32 MP: 15/15
  4268 | D:5      | Reached ** piety under Ashenzari
  4418 | D:5      | Found a radiant altar of Vehumet.
  4942 | D:5      | Killed from afar by an orc priest

Levels and vault maps discovered:
D:1:      sevenhm_arrival_forest_fort_large_4, layout_rooms
D:2:      layout_rooms, brannock_xom_greatest_gift, evilmike_ruin_ashenzari,
          uniq_jessica, uniq_terence
D:3:      layout_rooms, uniq_crazy_yiuf_cottage
D:4:      layout_loops_corners, nicolae_overflow_hidden_temple,
          minmay_temple_entry_butterflies, first_ration,
          hangedman_abyss_or_decor_jellyfish_corner, patterned_corridor
D:5:      layout_cave_pools, lemuel_round_altar, serial_park_tiny_pond

Skill      XL: |  1  2  3  4  5  6  7 |
---------------+----------------------+-----
Spellcasting   | 3 4 5 |  5.6
Hexes          | 4 5 6 |  6.0
Stealth        | 5 6 7 |  7.9
Ice Magic      | 1 2 |  2.0
Short Blades   | 2 3 |  3.4
Fighting       | |  0.9
Dodging        | |  3.0

Action                   |  1- 3 |  4- 6 |  7- 9 || total
-------------------------+-------+-------+-------++-------
Melee: Dagger            |    97 |   204 |    54 ||   355
Throw: Dart              |       |       |    11 ||    11
 Cast: Corona            |    27 |    37 |       ||    64
       Ensorcelled Hiber |     7 |    28 |     6 ||    41
       Confuse           |       |     3 |     9 ||    12
       Tukima's Dance    |       |       |     2 ||     2
Invok: Curse Item        |       |     2 |       ||     2
  Use: Scroll            |     3 |     1 |       ||     4
 Stab: Sleeping          |    12 |    33 |     4 ||    49
       Confused          |       |       |     2 ||     2
  Eat: Ration            |       |     1 |     1 ||     2
Armor: Robe              |     9 |     8 |     1 ||    18
Dodge: Dodged            |    82 |   206 |    33 ||   321
